AoeStats
← ELmasi

Arabia

509795960Analyzed
1v1 RM · 4d ago on Sep 28, 2026· 51m 53s· 2 players
Game mode
Random Map
Map size
Tiny (2 player)
Population
200
Speed
Normal
Resources
Standard
Victory
Conquest
Starting age
Dark Age
Ending age
Imperial Age
RankedLock teamsTeams togetherTeam positionsShared explorationLock speedFull tech treeHidden civsTurbo modeCheats
Victory
Defeat
🇦🇷 Malay · Argentina
712
+16
🇨🇱 Spanish · Chile
709
-16
[Yodas]Aragorn14
7:32 Loom
10:15 Feudal Age
18:20 Wheelbarrow
17:32 Double-Bit Axe
17:40 Gold Mining
17:44 Stone Mining
18:11 Scale Barding Armor
22:54 Castle Age
21:17 Forging
35:31 Husbandry
36:03 Bloodlines
ELmasi
10:16 Feudal Age
10:54 Horse Collar
12:44 Loom
14:21 Man-at-Arms
15:00 Double-Bit Axe
26:50 Castle Age
25:22 Arson
26:31 Long Swordsman
27:33 Pikeman
28:13 Squires
30:44 Wheelbarrow
29:54 Town Watch
30:46 Husbandry
30:07 Light Cavalry
31:35 Crossbowman
32:20 Thumb Ring
34:41 Scale Barding Armor
34:27 Fletching
34:37 Padded Archer Armor
34:56 Bow Saw
35:22 Heavy Plow
35:00 Elite Skirmisher
44:43 Imperial Age
43:53 Hand Cart
45:58 Elite Karambit Warrior
46:32 Light Cavalry
48:36 Arbalester
52:16 Ballistics
Connection lost

Rejoining the realm…

Still unreachable

The connection could not be restored.

Session expired

The server has moved on; the page needs a fresh start.